[Event "Titled Tuesday Blitz August 15 Early 2023"]
[White "Sava, Christiansen-Danut-Eugen"]
[Black "Novikov, Evgenij"]
[WhiteFideId "1210114"]
[BlackFideId "4125380"]
[WhiteElo "2152"]
[BlackElo "2417"]
[Result "0-1"]
[Round "6"]
[TimeControl "180+1"]
[Date "2023.08.15"]
[WhiteClock "0:00:00"]
[BlackClock "0:00:14"]
[Board "156"]

1. d4 d5 2. c4 e6 3. g3 Nf6 4. Bg2 Bb4+ 5. Bd2 Qe7 6. Nf3 O-O 7. a3 Bxd2+ 8. Nbxd2 c5 9. cxd5 exd5 10. dxc5 Qxc5 11. O-O Nc6 12. b4 Qe7 13. Nb3 Bf5 14. Nbd4 Be4 15. Rc1 Rac8 16. Nxc6 Rxc6 17. Nd4 Rxc1 18. Qxc1 Bxg2 19. Kxg2 Qe4+ 20. Nf3 Qxe2 21. Re1 Qd3 22. Rd1 Qc4 23. Qe3 a6 24. Rd4 Qc6 25. Ne5 Qe6 26. f4 Re8 27. Qd3 h5 28. a4 Rc8 29. Nf3 Ng4 30. h3 Rc2+ 31. Nd2 Ne3+ 32. Kf3 Nf5 33. Rxd5 Qc6 34. b5 axb5 35. axb5 Qc3 36. g4 hxg4+ 37. hxg4 Nh4+ 38. Kg3 Ng6 39. Rd8+ Kh7 40. f5 Qe5+ 41. Kf2 Qh2+ 42. Ke3 Qf4+ 43. Ke2 Qxg4+ 44. Ke1 Qg1+ 45. Ke2 Nf4+ 46. Kf3 Nxd3 0-1


[Site "https://www.chess.com"]

[Event "Titled Tuesday Blitz August 15 Early 2023"]
[White "Vila Dupla, Aurelio"]
[Black "Rozhkov, Viacheslav"]
[WhiteFideId "2203383"]
[BlackFideId "4181484"]
[WhiteElo "2118"]
[BlackElo "2413"]
[Result "1/2-1/2"]
[Round "6"]
[TimeControl "180+1"]
[Date "2023.08.15"]
[WhiteClock "0:00:12"]
[BlackClock "0:00:07"]
[Board "157"]

1. Nf3 Nf6 2. d4 d5 3. c4 dxc4 4. e3 Bg4 5. Bxc4 e6 6. Qb3 Bd6 7. Ne5 b6 8. Bb5+ Kf8 9. O-O Bf5 10. Nc6 Nxc6 11. Bxc6 Rb8 12. Nc3 h5 13. h3 Bh2+ 14. Kh1 Qd6 15. Bf3 g5 16. e4 g4 17. e5 Bxe5 18. dxe5 Qxe5 19. Qb4+ c5 20. Bf4 cxb4 21. Bxe5 gxf3 22. Bxf6 fxg2+ 23. Kxg2 Rg8+ 24. Kh2 bxc3 25. Bxc3 Rd8 26. Rad1 Rxd1 27. Rxd1 Ke7 28. Be5 Be4 29. Rg1 Rxg1 30. Kxg1 f6 31. Bc3 Bd5 32. a3 f5 33. f4 Kd6 34. Kf2 Kc5 35. Ke3 Kc4 36. h4 Be4 37. Be5 Kd5 38. Bf6 a6 39. Be5 b5 40. Bf6 Kc4 41. Be5 Kd5 42. Bf6 Kc4 43. Be5 Kd5 1/2-1/2


[Site "https://www.chess.com"]

[Event "Titled Tuesday Blitz August 15 Early 2023"]
[White "Seifert, Henryk"]
[Black "Rom, Jasper"]
[WhiteFideId "1100963"]
[BlackFideId "2023733"]
[WhiteElo "2073"]
[BlackElo "2412"]
[Result "1-0"]
[Round "6"]
[TimeControl "180+1"]
[Date "2023.08.15"]
[WhiteClock "0:00:03"]
[BlackClock "0:00:00"]
[Board "158"]

1. e4 e6 2. d4 d5 3. Nd2 Be7 4. Ngf3 Nf6 5. e5 Nfd7 6. c3 c5 7. Bd3 Nc6 8. O-O a5 9. a4 g5 10. Bb5 g4 11. Ne1 h5 12. dxc5 Ndxe5 13. f4 Bxc5+ 14. Kh1 Ng6 15. Nb3 Bd6 16. Nd3 f5 17. Nd4 Bd7 18. Qe2 Kf7 19. Bxc6 bxc6 20. Ne5+ Bxe5 21. fxe5 Kg7 22. b4 h4 23. Nb3 axb4 24. cxb4 Qb6 25. Bd2 h3 26. g3 Rhe8 27. Nc5 Bc8 28. a5 Qc7 29. Bc3 Rd8 30. Bd4 Rb8 31. Qd2 Qe7 32. a6 Ra8 33. a7 Bd7 34. Qe3 Be8 35. Qd2 Bf7 36. Qe3 Rh8 37. Qd2 Rh5 38. Qe3 Qg5 39. Qxg5 Rxg5 40. Nd7 Rh5 41. Nb6 Rhh8 42. Nxa8 Rxa8 43. Ra2 Be8 44. Rc1 Kf7 45. Ra3 Ke7 46. Rac3 Kd7 47. b5 cxb5 48. Rc7+ Kd8 49. Rb7 Bd7 50. Rcc7 1-0


[Site "https://www.chess.com"]

[Event "Titled Tuesday Blitz August 15 Early 2023"]
[White "jimmy-schlumpf"]
[Black "Wilson, Otis"]
[BlackFideId "30904021"]
[WhiteElo "2410"]
[BlackElo "1987"]
[Result "1-0"]
[Round "6"]
[TimeControl "180+1"]
[Date "2023.08.15"]
[WhiteClock "0:00:35"]
[BlackClock "0:01:28"]
[Board "159"]

1. Nf3 d6 2. d4 Nf6 3. c4 Nbd7 4. Nc3 c6 5. g3 e5 6. Qc2 Be7 7. Bg2 O-O 8. O-O Re8 9. h3 Qc7 10. e4 h6 11. Re1 Nf8 12. b3 g5 13. c5 exd4 14. cxd6 Bxd6 15. Nxd4 Bc5 16. Be3 Bb4 17. Bd2 Rd8 18. Be3 Re8 19. Rac1 Bxc3 20. Qxc3 Nxe4 21. Qc2 Nd6 22. b4 a6 23. a4 Ne6 24. b5 axb5 25. axb5 Nxd4 26. Bxd4 Rxe1+ 27. Rxe1 Nxb5 28. Re8# 1-0


[Site "https://www.chess.com"]

[Event "Titled Tuesday Blitz August 15 Early 2023"]
[White "Okike, David"]
[Black "Ivanov, Alexey"]
[WhiteFideId "8500134"]
[BlackFideId "4167635"]
[WhiteElo "2338"]
[BlackElo "2587"]
[Result "1-0"]
[Round "6"]
[TimeControl "180+1"]
[Date "2023.08.15"]
[WhiteClock "0:00:05"]
[BlackClock "0:00:13"]
[Board "160"]

1. e4 c6 2. d4 d5 3. e5 Bf5 4. Nf3 e6 5. Be2 Ne7 6. O-O Nc8 7. h3 Be7 8. Bf4 O-O 9. Nbd2 Nd7 10. c3 c5 11. a3 a6 12. b4 c4 13. a4 Na7 14. g4 Bg6 15. Bg3 a5 16. b5 Nc8 17. Kg2 Ncb6 18. h4 f6 19. h5 Be8 20. Rh1 fxe5 21. Nxe5 Nxe5 22. Bxe5 Nd7 23. Bg3 Bg5 24. Nf3 Bf4 25. Bh4 Qc7 26. Re1 Nb6 27. Bf1 Bd7 28. Qe2 Rae8 29. Ne5 Bc8 30. f3 Nd7 31. Bg3 Nxe5 32. Bxf4 Rxf4 33. Qxe5 Qxe5 34. Rxe5 Ref8 35. Be2 b6 36. Kg3 Bd7 37. Rf1 g6 38. h6 R4f6 39. Bd1 Kf7 40. Bc2 Ke7 41. g5 R6f7 42. f4 Kd6 43. Re2 Ra8 44. Rfe1 Raf8 45. Rf2 Ra8 46. Rh1 Raf8 47. Rf3 Rg8 48. Re1 Rff8 49. Re5 Rf7 50. Bd1 Rgf8 51. Rf2 Bc8 52. Bg4 Bd7 53. Rfe2 Rxf4 54. Bxe6 Rf3+ 55. Kg2 Bxe6 56. Rxe6+ Kd7 57. Re7+ Kd8 58. Rxh7 R8f5 59. Rg7 Rxc3 60. Rxg6 Rff3 61. Rf2 Rg3+ 62. Kf1 Rc1+ 63. Ke2 Rc2+ 64. Ke1 Rg1+ 65. Rf1 Rc1+ 66. Ke2 Rgxf1 67. h7 Rce1+ 68. Kd2 Re8 69. Rg8 Rff8 70. Rg7 Re7 71. Rg8 Ree8 72. Rg7 Rh8 73. g6 Ref8 74. Rb7 Rf2+ 75. Ke3 Kc8 76. g7 Re8+ 77. Kxf2 Kxb7 78. g8=Q Re4 79. h8=Q Re7 80. Qd8 Ka7 81. Qa8# 1-0


[Site "https://www.chess.com"]

[Event "Titled Tuesday Blitz August 15 Early 2023"]
[White "Deng, Henry"]
[Black "Konenkin, Dmitry"]
[WhiteFideId "30965454"]
[BlackFideId "4185781"]
[WhiteElo "2558"]
[BlackElo "2290"]
[Result "1-0"]
[Round "6"]
[TimeControl "180+1"]
[Date "2023.08.15"]
[WhiteClock "0:00:26"]
[BlackClock "0:00:00"]
[Board "161"]

1. e4 d6 2. d4 Nf6 3. Nc3 e5 4. Nf3 Nbd7 5. Bc4 Be7 6. a4 c6 7. a5 Qc7 8. O-O h6 9. Re1 Nf8 10. Nh4 g5 11. Nf5 Bxf5 12. exf5 O-O-O 13. dxe5 dxe5 14. Qe2 Bd6 15. Be3 Kb8 16. h3 Rg8 17. Reb1 g4 18. h4 Nh5 19. b4 Nf4 20. Qf1 g3 21. f3 Qe7 22. Ne4 Qxh4 23. Nxg3 Qxg3 24. Bxf4 exf4 25. a6 Be5 26. Rd1 Bd4+ 27. Rxd4 Rxd4 28. Re1 Nd7 29. Bxf7 Rf8 30. Be6 Nb6 31. axb7 Kxb7 32. Ra1 Kb8 33. Qa6 Rd7 34. Bxd7 Nxd7 35. Qxa7+ Kc8 36. Rd1 Qg7 37. Rxd7 Qxd7 38. Qa8+ Kc7 39. Qxf8 Qd1+ 40. Kh2 Qxc2 41. Qe7+ Kb6 42. f6 Qg6 43. f7 Qh5+ 44. Kg1 1-0


[Site "https://www.chess.com"]

[Event "Titled Tuesday Blitz August 15 Early 2023"]
[White "djathtaspogradec"]
[Black "Gatterer, Florian"]
[BlackFideId "811688"]
[WhiteElo "2476"]
[BlackElo "2337"]
[Result "0-1"]
[Round "6"]
[TimeControl "180+1"]
[Date "2023.08.15"]
[WhiteClock "0:01:03"]
[BlackClock "0:00:35"]
[Board "162"]

1. Nf3 Nf6 2. c4 g6 3. g3 Bg7 4. Bg2 O-O 5. O-O c5 6. d4 d5 7. cxd5 cxd4 8. Qxd4 Nxd5 9. Qh4 Nc6 10. Bh6 Qa5 11. Ng5 Nf6 12. Nc3 Qb4 13. Nce4 Nxe4 14. Bxe4 Bf6 15. Bxf8 Bxg5 16. Qxg5 Qxe4 17. Bh6 Bh3 18. f3 Qd4+ 19. e3 Qxb2 0-1


[Site "https://www.chess.com"]

[Event "Titled Tuesday Blitz August 15 Early 2023"]
[White "Rodriguez Santiago, Jaime"]
[Black "Dong Khanh Linh"]
[WhiteFideId "3100898"]
[BlackFideId "12403040"]
[WhiteElo "2282"]
[BlackElo "2448"]
[Result "0-1"]
[Round "6"]
[TimeControl "180+1"]
[Date "2023.08.15"]
[WhiteClock "0:00:00"]
[BlackClock "0:00:51"]
[Board "163"]

1. d4 f5 2. c4 Nf6 3. g3 e6 4. Bg2 Be7 5. Nf3 O-O 6. O-O d6 7. Nc3 Ne4 8. Qc2 Nxc3 9. Qxc3 a5 10. a4 Bf6 11. b3 Nc6 12. Bb2 e5 13. dxe5 dxe5 14. Rad1 Qe7 15. Qc1 f4 16. Nd2 Nb4 17. Ne4 Bg5 18. Qc3 fxg3 19. hxg3 Bg4 20. f3 Bf5 21. Nxg5 Qxg5 22. Qxe5 Rae8 23. Qxc7 Rxe2 24. Rf2 Rxf2 25. Kxf2 Nd3+ 26. Rxd3 Bxd3 27. f4 Qg4 28. Bf3 Qg6 29. Qxb7 h6 30. Qd5+ Kh7 31. Qxa5 Be4 32. Qc3 Bxf3 33. Kxf3 Rd8 34. Ke2 Qe4+ 35. Kf2 Rd7 36. Qe3 Qc2+ 0-1


[Site "https://www.chess.com"]

[Event "Titled Tuesday Blitz August 15 Early 2023"]
[White "Smietanska, Wiktoria"]
[Black "MrAnnihilation"]
[WhiteFideId "21869359"]
[WhiteElo "2274"]
[BlackElo "2441"]
[Result "1-0"]
[Round "6"]
[TimeControl "180+1"]
[Date "2023.08.15"]
[WhiteClock "0:00:10"]
[BlackClock "0:00:13"]
[Board "164"]

1. c4 e5 2. Nc3 Nf6 3. Nf3 Bb4 4. Nxe5 O-O 5. d4 Re8 6. Nd3 Bxc3+ 7. bxc3 d5 8. cxd5 Qxd5 9. e3 Na6 10. Nf4 Qd6 11. Be2 Qc6 12. Qb3 Bf5 13. Bb5 Qe4 14. Bxe8 Rxe8 15. O-O g5 16. Ne2 Be6 17. Ng3 Bxb3 18. Nxe4 Nxe4 19. axb3 Nxc3 20. Bb2 Nd5 21. Ra5 c6 22. Re1 f5 23. Bc1 h6 24. f3 Kg7 25. e4 fxe4 26. fxe4 Nc3 27. e5 Rd8 28. Bb2 Nd5 29. Raa1 Rf8 30. Rf1 Rxf1+ 31. Rxf1 Nac7 32. Ba3 Nb5 33. Bf8+ Kg6 34. e6 Nxd4 35. e7 Nc7 36. Rd1 Ne2+ 37. Kf2 Nf4 38. Rd6+ Kf7 39. Rxh6 Nfd5 40. Rh5 Ne6 41. Rh8 Nf6 42. g3 a5 43. h4 b5 44. hxg5 Nxg5 45. Bh6 Nge4+ 46. Ke3 c5 47. e8=Q+ Nxe8 48. Kxe4 Nd6+ 49. Kd5 Nf5 50. Bf4 a4 51. bxa4 bxa4 52. Ra8 Ne7+ 53. Kxc5 Ke6 54. Rxa4 Kf5 55. Kd6 Ng6 56. Ra5+ Kg4 57. Rg5+ Kf3 58. Rxg6 Ke4 59. Be5 Kf5 60. Rf6+ Ke4 61. g4 Ke3 62. g5 Ke4 63. g6 Ke3 64. g7 Ke4 65. g8=Q Kd3 66. Qd5+ Ke3 67. Rf3+ Ke2 68. Qd3+ Ke1 69. Rf1# 1-0


[Site "https://www.chess.com"]

[Event "Titled Tuesday Blitz August 15 Early 2023"]
[White "Harriott, Tyrell"]
[Black "Kula, Robert"]
[WhiteFideId "2086484"]
[BlackFideId "1101218"]
[WhiteElo "2419"]
[BlackElo "2245"]
[Result "1-0"]
[Round "6"]
[TimeControl "180+1"]
[Date "2023.08.15"]
[WhiteClock "0:02:24"]
[BlackClock "0:00:00"]
[Board "165"]

1. d4 d5 2. e3 Nf6 3. Bd3 Bg4 4. Ne2 e6 5. O-O Bd6 6. f4 O-O 7. Nd2 Nbd7 8. Nf3 c5 9. c3 Ne4 10. Bxe4 dxe4 11. Ng5 Nf6 12. Qc2 h6 13. Nh3 Bxh3 14. gxh3 Rc8 15. Ng3 cxd4 16. exd4 Nd5 17. Nxe4 Bb8 18. Qg2 Kh7 19. f5 exf5 20. Rxf5 f6 21. Rxd5 Qxd5 22. Nxf6+ Rxf6 23. Qxd5 Rcf8 24. Be3 Rf3 25. Qe4+ Kh8 26. Kh1 b6 27. Rg1 R3f7 28. d5 Bd6 29. Bd4 Re7 30. Qg6 1-0


[Site "https://www.chess.com"]

[Event "Titled Tuesday Blitz August 15 Early 2023"]
[White "Zampronha, Wladimir Camilo"]
[Black "Llanos, Guillermo"]
[WhiteFideId "2103087"]
[BlackFideId "100358"]
[WhiteElo "2237"]
[BlackElo "2409"]
[Result "0-1"]
[Round "6"]
[TimeControl "180+1"]
[Date "2023.08.15"]
[WhiteClock "0:00:00"]
[BlackClock "0:01:29"]
[Board "166"]

1. e4 Nf6 2. e5 Nd5 3. d4 d6 4. c4 Nb6 5. exd6 cxd6 6. Nc3 g6 7. Be3 Bg7 8. Rc1 O-O 9. b3 Bf5 10. Nf3 d5 11. c5 Nc8 12. h3 Nc6 13. Be2 e6 14. O-O N8e7 15. b4 a6 16. Qb3 h6 17. Rfd1 g5 18. b5 axb5 19. Nxb5 Be4 20. Nd6 Bxf3 21. Bxf3 Rb8 22. Rb1 b6 23. Qc2 bxc5 24. dxc5 Qa5 25. Bd2 Qa3 26. Rxb8 Rxb8 27. Bc1 Qb4 28. Bh5 Rf8 29. Bd2 Qh4 30. Bxf7+ Rxf7 31. Nxf7 Kxf7 32. Bc3 d4 33. Be1 Qf4 34. a4 Qc7 35. a5 Nxa5 36. Qe4 Nac6 37. f4 Qxf4 38. Qxf4+ gxf4 39. Bd2 e5 0-1


[Site "https://www.chess.com"]

[Event "Titled Tuesday Blitz August 15 Early 2023"]
[White "Floresvillar Gonzalez, Luis Migu"]
[Black "Avazkhonov, Alikhon"]
[WhiteFideId "5100542"]
[BlackFideId "14208504"]
[WhiteElo "2117"]
[BlackElo "2387"]
[Result "0-1"]
[Round "6"]
[TimeControl "180+1"]
[Date "2023.08.15"]
[WhiteClock "0:01:26"]
[BlackClock "0:02:38"]
[Board "167"]

1. c4 e5 2. g3 d6 3. Bg2 f5 4. d3 Nf6 5. Bg5 Be7 6. Nf3 O-O 7. h4 h6 8. Bxf6 Bxf6 9. Nc3 Nc6 10. Nd5 Be6 11. Nxf6+ Qxf6 12. Qd2 e4 13. Nh2 d5 14. cxd5 Bxd5 15. O-O Rad8 16. dxe4 Bxe4 17. Qc3 Nd4 18. Bf3 Bxf3 19. Qxc7 Nxe2# 0-1


[Site "https://www.chess.com"]

[Event "Titled Tuesday Blitz August 15 Early 2023"]
[White "Nikulina, Alena"]
[Black "Li, Hui"]
[WhiteFideId "4172051"]
[BlackFideId "15400310"]
[WhiteElo "2070"]
[BlackElo "2341"]
[Result "1/2-1/2"]
[Round "6"]
[TimeControl "180+1"]
[Date "2023.08.15"]
[WhiteClock "0:00:06"]
[BlackClock "0:00:02"]
[Board "168"]

1. e4 e5 2. Nf3 Nf6 3. d4 exd4 4. e5 Ne4 5. Qxd4 d5 6. exd6 Nxd6 7. Bd3 Nc6 8. Qf4 Be6 9. O-O Be7 10. Nc3 Qd7 11. Be3 Bf5 12. Rad1 Bxd3 13. Rxd3 Qf5 14. Nd5 Qxf4 15. Bxf4 O-O-O 16. Nxe7+ Nxe7 17. Rfd1 Nc4 18. b3 Rxd3 19. Rxd3 Nb6 20. c4 Ng6 21. Bg3 Rd8 22. Rxd8+ Kxd8 23. Kf1 c6 24. Ke2 Nd7 25. Ke3 Ke7 26. h4 h5 27. Ng5 f6 28. Ne4 Nge5 29. f3 b6 30. Be1 Ke6 31. Bc3 Nf7 32. Ng3 g6 33. Ne2 Nfe5 34. Nd4+ Ke7 35. g3 Nb8 36. Ne2 Nbd7 37. Bb4+ Kf7 38. Bd6 Nf8 39. Ba3 Ne6 40. Nf4 Nxf4 41. Kxf4 Nd3+ 42. Ke3 Ne5 43. Bd6 Ke6 44. Bb8 a6 45. Bc7 b5 46. cxb5 cxb5 47. Ke4 Nd7 48. Ba5 Nc5+ 49. Ke3 Kd5 50. Bb6 Nd7 51. Bd4 f5 52. a3 Nb8 53. Ba7 Nc6 54. Bb6 Ne5 55. Bd4 Nc6 56. Bf6 Ke6 57. Bc3 Kd5 58. Bf6 a5 59. Bc3 a4 60. bxa4 bxa4 61. Bb2 Ke6 62. Kd3 Kd5 63. Bc3 Nd8 64. Ba5 Ne6 65. Bc3 Nc5+ 66. Kc2 Kc4 67. Bb4 Nd3 68. Bc3 Nc5 69. Bf6 Ne6 70. Bc3 f4 71. gxf4 Nxf4 72. Be5 Nd5 73. Bg3 Ne3+ 74. Kd2 Nf5 75. Bf2 Nd4 76. Kc1 Nxf3 77. Be3 Ne5 78. Bg5 Nf3 79. Bf6 Nd4 80. Kb2 Nf5 81. Bg5 Kd3 82. Bd8 Ke4 83. Kc3 Nd4 84. Kb4 Nc2+ 85. Kxa4 Kf3 86. Kb3 Nd4+ 87. Kb4 Nc6+ 88. Kb5 Nxd8 89. a4 Nb7 90. Kb6 Nd6 91. Kc7 Nc4 92. Kc6 Kg4 93. Kb5 Nd6+ 94. Kb6 Kxh4 95. Kc6 Nc4 96. Kc5 Na5 97. Kb5 Nb3 98. Kb4 Nd4 99. Kc4 Nc6 100. Kb5 Na7+ 101. Ka6 Nc6 102. Kb6 Nb4 103. Kb5 Nd5 104. Kc5 Nc7 105. Kb6 Ne6 106. a5 Nf8 107. a6 Nd7+ 108. Kc7 Nc5 109. Kb6 Nd7+ 110. Kc7 Nc5 111. Kb6 Nd7+ 1/2-1/2


[Site "https://www.chess.com"]

[Event "Titled Tuesday Blitz August 15 Early 2023"]
[White "Nguyen Hong Anh"]
[Black "Rivas Garcia, Victor"]
[WhiteFideId "12406732"]
[BlackFideId "2217740"]
[WhiteElo "2534"]
[BlackElo "2239"]
[Result "1-0"]
[Round "6"]
[TimeControl "180+1"]
[Date "2023.08.15"]
[WhiteClock "0:01:02"]
[BlackClock "0:00:21"]
[Board "169"]

1. d4 f5 2. g3 Nf6 3. Bg2 d6 4. Nf3 g6 5. O-O Bg7 6. c4 O-O 7. Nc3 Qe8 8. d5 Na6 9. Re1 Nc5 10. Be3 Nfe4 11. Nxe4 Nxe4 12. Bd4 Qf7 13. Rc1 b6 14. b4 a5 15. a3 axb4 16. axb4 Bd7 17. e3 Ra2 18. Re2 Rfa8 19. Bxg7 Qxg7 20. Nd4 Ng5 21. Rxa2 Rxa2 22. Ra1 Rxa1 23. Qxa1 Qf8 24. Qa7 Qc8 25. c5 bxc5 26. bxc5 dxc5 27. Qxc5 Nf7 28. Qxe7 Qe8 29. Qc5 Qe5 30. h4 Qd6 31. Qa7 Ne5 32. Qb7 Kg7 33. Qb2 Kf7 34. Qc3 Bc8 35. Nc6 Nxc6 36. dxc6 Qf6 37. Qc4+ Qe6 38. Qd4 Qf6 39. Qc4+ Be6 40. Qf4 Qe7 41. h5 g5 42. Qe5 Kg8 43. Bd5 Kf7 44. Qxf5+ Qf6 45. Bxe6+ 1-0


[Site "https://www.chess.com"]

[Event "Titled Tuesday Blitz August 15 Early 2023"]
[White "Arutla, Aditya"]
[Black "Vaglio Munoz, Jaime"]
[WhiteFideId "30961998"]
[BlackFideId "6500145"]
[WhiteElo "2503"]
[BlackElo "2225"]
[Result "1-0"]
[Round "6"]
[TimeControl "180+1"]
[Date "2023.08.15"]
[WhiteClock "0:01:08"]
[BlackClock "0:01:12"]
[Board "170"]

1. d4 c5 2. d5 d6 3. Nc3 a6 4. a4 g6 5. e4 Bg7 6. Nf3 Bg4 7. Be2 Nd7 8. Nd2 Bxe2 9. Qxe2 Bxc3 10. bxc3 f6 11. O-O Nh6 12. Nc4 b6 13. Bxh6 Kf7 14. f4 b5 15. axb5 axb5 16. Ne3 c4 17. e5 dxe5 18. fxe5 Nxe5 19. Ng4 Nxg4 20. Qe6+ Ke8 21. Qc6+ Kf7 22. Qe6+ Ke8 23. Rxa8 Qxa8 24. Qxg4 Qxd5 25. Qc8+ Qd8 26. Qxd8+ Kxd8 27. Rb1 g5 28. Rxb5 Kd7 29. h4 Rg8 30. hxg5 Rg6 31. Kf2 Ke6 32. Ke3 Kf7 33. Kf4 fxg5+ 34. Bxg5 h6 35. Bh4 Rxg2 36. Rc5 Rxc2 37. Rxc4 Rg2 38. Re4 e6 39. Ke5 Rc2 40. c4 Ra2 41. c5 Rc2 42. Kd6 Rd2+ 43. Kc7 Rd5 44. c6 e5 45. Bg3 Ke6 46. Rxe5+ Rxe5 47. Bxe5 Kxe5 48. Kb7 h5 49. c7 h4 50. c8=Q Kf4 51. Qh3 Kg5 52. Kc6 Kh5 53. Kd5 Kg5 54. Ke4 Kh5 55. Kf5 Kh6 56. Kf6 Kh5 57. Qf5+ Kh6 58. Qg5+ Kh7 59. Qg7# 1-0


[Site "https://www.chess.com"]

[Event "Titled Tuesday Blitz August 15 Early 2023"]
[White "Fernandez Hernandez, Gerardo"]
[Black "Haszon, David"]
[WhiteFideId "2207400"]
[BlackFideId "733610"]
[WhiteElo "2221"]
[BlackElo "2502"]
[Result "1-0"]
[Round "6"]
[TimeControl "180+1"]
[Date "2023.08.15"]
[WhiteClock "0:00:01"]
[BlackClock "0:00:36"]
[Board "171"]

1. e4 c5 2. Nc3 a6 3. g3 b5 4. Bg2 Bb7 5. d3 e6 6. f4 d5 7. Nge2 Ne7 8. O-O g6 9. f5 exf5 10. Bg5 d4 11. Bf6 Rg8 12. Nd5 Bxd5 13. exd5 Qd6 14. Bxe7 Bxe7 15. Nf4 Nd7 16. c4 b4 17. a3 bxa3 18. Rxa3 Ne5 19. Re1 Ng4 20. Qa4+ Kf8 21. Qc6 Kg7 22. Qb7 Bg5 23. Ne6+ Kh6 24. Nxg5 Kxg5 25. Qxf7 Ne3 26. Qxh7 Rh8 27. Qf7 Rxh2 28. Kxh2 Rh8+ 29. Bh3 Ng4+ 30. Kg2 Ne3+ 31. Kh2 Qd8 32. Rxe3 dxe3 33. Rxa6 Rh6 34. Qb7 Qh8 35. Qe7+ Kh5 36. Qh4# 1-0


[Site "https://www.chess.com"]

[Event "Titled Tuesday Blitz August 15 Early 2023"]
[White "Thiel, Thomas"]
[Black "brm72"]
[WhiteFideId "4615964"]
[WhiteElo "2218"]
[BlackElo "2450"]
[Result "0-1"]
[Round "6"]
[TimeControl "180+1"]
[Date "2023.08.15"]
[WhiteClock "0:00:38"]
[BlackClock "0:00:56"]
[Board "172"]

1. e4 c5 2. Nc3 Nc6 3. Bb5 Nd4 4. Bc4 e6 5. Nge2 Ne7 6. O-O Nec6 7. d3 g6 8. Nxd4 Nxd4 9. f4 Bg7 10. e5 d6 11. exd6 Qxd6 12. Ne4 Qc7 13. c3 Nf5 14. Bb5+ Kf8 15. a4 a6 16. Bc4 b6 17. Ng5 h6 18. Nf3 Bb7 19. Qe2 Kg8 20. Ne5 Kh7 21. Bd2 Rad8 22. Rae1 Rhe8 23. Bc1 Nd6 24. Ba2 b5 25. axb5 axb5 26. Bb1 Kg8 27. Rd1 c4 28. d4 Nf5 29. Rfe1 Bd5 30. Be4 Qb6 31. Bxd5 exd5 32. Qf2 Nd6 33. Kh1 Ne4 34. Qg1 b4 35. Rxe4 dxe4 36. Nxc4 Qb5 37. Qf1 bxc3 38. bxc3 Qb3 39. Bd2 Ra8 40. Rb1 Qc2 41. Rc1 Qa2 42. Ne3 Qxd2 0-1


[Site "https://www.chess.com"]

[Event "Titled Tuesday Blitz August 15 Early 2023"]
[White "Herman, Matthew"]
[Black "KSho99"]
[WhiteFideId "2028964"]
[WhiteElo "2440"]
[BlackElo "2210"]
[Result "1-0"]
[Round "6"]
[TimeControl "180+1"]
[Date "2023.08.15"]
[WhiteClock "0:00:08"]
[BlackClock "0:00:00"]
[Board "173"]

1. e4 e6 2. d4 d5 3. Nd2 Be7 4. Ngf3 Nf6 5. Bd3 c5 6. e5 Nfd7 7. c3 b6 8. h4 Ba6 9. Bxa6 Nxa6 10. a3 Rc8 11. h5 cxd4 12. cxd4 b5 13. Rh3 Nb6 14. Rg3 Kf8 15. Kf1 Qc7 16. Kg1 Qc2 17. Qe2 Nc7 18. Ne1 Qf5 19. Nd3 Nc4 20. Nb3 Ne8 21. Qd1 Bh4 22. Rh3 Be7 23. a4 b4 24. a5 Nc7 25. a6 Nb5 26. Ra4 Qe4 27. Nxb4 Bxb4 28. Rxb4 Nc7 29. Ra4 Nb5 30. Rb4 Nc7 31. Nc5 Qf5 32. Rb7 Nb5 33. Rf3 1-0


[Site "https://www.chess.com"]

[Event "Titled Tuesday Blitz August 15 Early 2023"]
[White "Mirzanurov, Bulat"]
[Black "Daeschler, Florian"]
[WhiteFideId "4184521"]
[BlackFideId "20678193"]
[WhiteElo "2207"]
[BlackElo "2391"]
[Result "0-1"]
[Round "6"]
[TimeControl "180+1"]
[Date "2023.08.15"]
[WhiteClock "0:00:10"]
[BlackClock "0:01:42"]
[Board "174"]

1. e4 c5 2. Nf3 d6 3. d4 cxd4 4. Nxd4 Nf6 5. f3 Nc6 6. Nc3 e5 7. Nb3 Be6 8. Be3 Be7 9. Qe2 O-O 10. O-O-O Qc8 11. Kb1 a5 12. a4 Nb4 13. Rg1 d5 14. exd5 Nfxd5 15. Nxd5 Bxd5 16. c4 Qf5+ 17. Ka1 Qd7 18. Nc1 Qxa4+ 19. Kb1 Be6 20. b3 Qc6 21. f4 a4 22. Qb2 Bf5+ 23. Ka1 0-1


[Site "https://www.chess.com"]

[Event "Titled Tuesday Blitz August 15 Early 2023"]
[White "Jakubowska, Anna"]
[Black "Putri, Regita Desyari"]
[WhiteFideId "1121952"]
[BlackFideId "7109083"]
[WhiteElo "2361"]
[BlackElo "2204"]
[Result "1-0"]
[Round "6"]
[TimeControl "180+1"]
[Date "2023.08.15"]
[WhiteClock "0:00:19"]
[BlackClock "0:00:02"]
[Board "175"]

1. e4 e5 2. Nf3 Nc6 3. Bb5 a6 4. Ba4 Nf6 5. O-O Be7 6. d3 b5 7. Bb3 O-O 8. a4 Rb8 9. axb5 axb5 10. Bg5 d6 11. h3 Be6 12. c3 b4 13. Ba4 Na5 14. cxb4 Nb7 15. Nc3 Nd7 16. Bxe7 Qxe7 17. d4 Bc4 18. Re1 Nb6 19. Bc2 Ra8 20. Qd2 f6 21. b3 Bf7 22. Qe2 exd4 23. Nxd4 Qe5 24. Qd3 c5 25. Nf3 Qe7 26. Nd5 Nxd5 27. exd5 Qxe1+ 28. Rxe1 g6 29. Re7 Ra1+ 30. Kh2 Nd8 31. bxc5 dxc5 32. d6 Nc6 33. Rc7 Nb4 34. Qd2 Ra2 35. Rxc5 Bxb3 36. Qxb4 Bxc2 37. Qc4+ 1-0


[Site "https://www.chess.com"]

[Event "Titled Tuesday Blitz August 15 Early 2023"]
[White "Tqebuchava, Zurab"]
[Black "Rian, Kapriaga"]
[WhiteFideId "13601113"]
[BlackFideId "7103263"]
[WhiteElo "2203"]
[BlackElo "2331"]
[Result "0-1"]
[Round "6"]
[TimeControl "180+1"]
[Date "2023.08.15"]
[WhiteClock "0:00:00"]
[BlackClock "0:01:40"]
[Board "176"]

1. e4 c6 2. d4 d5 3. exd5 cxd5 4. Bd3 Nc6 5. c3 Nf6 6. h3 g6 7. Nf3 Bf5 8. O-O Bg7 9. Re1 O-O 10. Bf4 Bxd3 11. Qxd3 e6 12. Ne5 Nxe5 13. Bxe5 a6 14. Nd2 b5 15. a4 Qb6 16. axb5 axb5 17. Bxf6 Bxf6 18. Nb3 b4 19. Nc5 bxc3 20. bxc3 Rxa1 21. Rxa1 Rd8 22. Qf3 Bg7 23. h4 e5 24. Ra6 Qb1+ 25. Kh2 exd4 26. Ra7 Qb8+ 27. Kg1 Qxa7 28. cxd4 Bxd4 29. Nd3 Bg7 30. h5 d4 31. Qf4 Re8 32. h6 Qa1+ 33. Kh2 Qd1 34. Ne5 Bxe5 0-1


[Site "https://www.chess.com"]

[Event "Titled Tuesday Blitz August 15 Early 2023"]
[White "Bogaudinov, Rushan"]
[Black "Tharushi, T H D Niklesha"]
[WhiteFideId "4129288"]
[BlackFideId "9918264"]
[WhiteElo "2326"]
[BlackElo "2164"]
[Result "1-0"]
[Round "6"]
[TimeControl "180+1"]
[Date "2023.08.15"]
[WhiteClock "0:01:41"]
[BlackClock "0:01:58"]
[Board "177"]

1. h4 d5 2. a4 e5 3. a5 Bf5 4. d3 Bc5 5. h5 Nf6 6. h6 g6 7. Bg5 Qd6 8. c3 Nbd7 9. b4 Bxf2+ 10. Kxf2 Ng4+ 11. Ke1 e4 12. Nh3 Qg3+ 13. Kd2 Nde5 14. Bf4 Qh4 15. g3 Qf6 16. Na3 O-O 17. d4 Nc4+ 18. Nxc4 dxc4 19. e3 Rfd8 20. Bxc4 Rd7 21. Be2 Qe6 22. Ng5 Qb3 23. Qxb3 1-0


[Site "https://www.chess.com"]

[Event "Titled Tuesday Blitz August 15 Early 2023"]
[White "campochess"]
[Black "Iunusovnuriddin"]
[WhiteElo "2162"]
[BlackElo "2320"]
[Result "1-0"]
[Round "6"]
[TimeControl "180+1"]
[Date "2023.08.15"]
[WhiteClock "0:01:39"]
[BlackClock "0:00:02"]
[Board "178"]

1. e4 e5 2. Bc4 Nf6 3. d3 Nc6 4. Nc3 Be7 5. Nf3 O-O 6. O-O d6 7. a3 Na5 8. Ba2 c5 9. b4 Nc6 10. Rb1 cxb4 11. axb4 Bg4 12. h3 Bh5 13. Be3 Rc8 14. Nd5 Nxd5 15. Bxd5 a6 16. b5 axb5 17. Rxb5 Qd7 18. Qb1 Rc7 19. Nd2 Rfc8 20. Nc4 Qd8 21. Nb6 Rb8 22. Bc4 Na7 23. Rb2 Nc8 24. Nd5 Rd7 25. Bb5 f6 26. Qa2 Bf7 27. c4 Bxd5 28. Bxd7 Qxd7 29. exd5 b5 30. c5 dxc5 31. d6+ c4 32. dxe7 Nxe7 33. dxc4 1-0


[Site "https://www.chess.com"]